 Dungeon Crawl Stone Soup version 0.24-a0-335-g06ca16af6c (webtiles) character file.

Game seed: 17630156877200096894

4571 HAL9000 the Slicer (level 10, -2/46 HPs)
             Began as a Vine Stalker Assassin on May 19, 2019.
             Was a Follower of Dithmenos.
             Killed from afar by Harold (12 damage)
             ... with a harpoon shot
             ... on level 9 of the Dungeon.
             The game lasted 00:18:31 (8764 turns).

HAL9000 the Slicer (Vine Stalker Assassin)          Turns: 8764, Time: 00:18:31

Health: -2/46      AC:  4    Str: 15    XL:     10   Next: 41%
Magic:  0/28       EV: 11    Int: 12    God:    Dithmenos [*.....]
Gold:   450        SH:  6    Dex: 17    Spells: 15/20 levels left

rFire    . . .     SeeInvis .   y - +3 dagger "Zuje" {vamp, *Drain rC+ rN++ Stlth+}
rCold    + + .     Gourm    .   z - +0 buckler
rNeg     + + .     Faith    .   w - +0 leather armour
rPois    +         Spirit   +   (no helmet)
rElec    .         Reflect  .   D - +0 cloak {rPois}
rCorr    .         Harm     .   (no gloves)
MR       +....                  (no boots)
Stlth    +++++.....             (no amulet)
HPRegen  0.55/turn              u - ring of protection from cold
MPRegen  0.21/turn              m - ring of magical power

@: wreathed by umbra
A: fangs 3, regeneration 1, magic shield, antimagic bite, no potion heal 3, rot
immunity
a: Renounce Religion


You were on level 9 of the Dungeon.
You worshipped Dithmenos.
Dithmenos was aware of your devotion.
You were hungry.

You visited 2 branches of the dungeon, and saw 10 of its levels.

You collected 450 gold pieces.

Inventory:

Hand Weapons
 y - the +3 dagger "Zuje" (weapon) {vamp, *Drain rC+ rN++ Stlth+}
   (You found it on level 5 of the Dungeon)

   It inflicts no extra harm, but heals its wielder when it wounds a living foe.
   It protects you from cold.
   It greatly protects you from negative energy.
   It causes draining when unequipped.
   It makes you more stealthy.
 E - a +1 dagger of protection
Missiles
 a - 5 javelins (quivered)
 d - 5 poisoned darts
 t - 2 boomerangs
Armour
 c - a +0 cloak
 w - a +0 leather armour (worn)
 z - a +0 buckler (worn)
 D - a +0 cloak of poison resistance (worn)
Jewellery
 m - a ring of magical power (right hand)
 u - a ring of protection from cold (left hand)
Wands
 e - a wand of scattershot (3)
 n - a wand of flame (31)
 B - a wand of polymorph (7)
 C - a wand of digging (6)
Scrolls
 b - 5 scrolls of identify
 j - 6 scrolls of teleportation
 o - 2 scrolls of immolation {unknown}
 p - 3 scrolls of fog {unknown}
 q - a scroll of amnesia {unknown}
 r - 3 scrolls of enchant armour {unknown}
Potions
 g - 5 potions of curing {unknown}
 h - 4 potions of agility {unknown}
 i - a potion of degeneration {unknown}
 k - 2 potions of resistance {unknown}
 l - 2 potions of haste {unknown}
 s - 3 potions of lignification {unknown}
 v - a potion of might {unknown}
 x - 2 potions of brilliance {unknown}
Comestibles
 f - 16 rations
 A - 2 chunks of flesh


   Skills:
 - Level 1.7 Fighting
 - Level 10.1 Short Blades
 - Level 1.7 Throwing
 - Level 0.7 Dodging
 - Level 7.7 Stealth
 - Level 5.7 Shields
 + Level 5.9 Spellcasting
 + Level 2.1 Charms


You had 15 spell levels left.
You knew the following spells:

 Your Spells              Type           Power        Failure   Level  Hunger
a - Shroud of Golubria    Chrm/Tloc      #.........   22%         2    ##.....
b - Regeneration          Chrm/Necr      #.........   41%         3    ###....

Your spell library contained the following spells:

 Spells                   Type           Power        Failure   Level  Hunger
 Infusion                 Chrm           #...         10%         1    None
 Song of Slaying          Chrm           #.......     14%         2    ##.....
 Spectral Weapon          Hex/Chrm       #.......     41%         3    ###....


Dungeon Overview and Level Annotations

Branches:
Dungeon (9/15)             Temple (1/1) D:6
   Lair: D:8-11         Orc: D:9-12

Altars:
Ashenzari
Cheibriados
Dithmenos
Elyvilon
Fedhas
Gozag
Hepliaklqana
Kikubaaqudgha
Makhleb
Nemelex Xobeh
Okawaru
Qazlal
Ru
Sif Muna
Trog
Uskayaw
Vehumet
Wu Jian
Xom
Yredelemnul
Zin
The Shining One

Annotations:
D:7 2 transporters, Jannitor's ghost, novice VSFi
D:9 Harold


Innate Abilities, Weirdness & Mutations

You have razor-sharp teeth.
Your natural rate of healing is unusually fast.
When hurt, damage is shared between your health and your magic reserves.
Your bite disrupts and absorbs the magic of your enemies.
Potions cannot restore your health.
You are immune to rotting.


Message History

You block the worker ant's attack.
Harold zaps a wand.
The mass of ice explodes!
The iceblast engulfs you! You partially resist.
Harold says, "Listen, it's nothing personal.
It's just a job."
Harold zaps a wand.
The mass of ice explodes!
The iceblast engulfs you! You partially resist.
The worker ant twitches its antennae in your direction.
Harold casts a spell at you. The harpoon shot hits you.
You are yanked forward by the harpoon shot.
Harold zaps a wand.
The mass of ice explodes!
The iceblast engulfs you! You partially resist.
* * * LOW HITPOINT WARNING * * *
Harold points at you and mumbles some strange words.
The harpoon shot hits you!
* * * LOW HITPOINT WARNING * * *
You are yanked forward by the harpoon shot.
Harold gestures at you while chanting. The harpoon shot hits you!
You die...

#### #.##[.## #.##.(##
#.....# #### ###...## ..#
#..... #.# #.....
###.############# #.....
#....a@.........# #....#
#.#.####@_..###.####....#
#########.#.# #.....#
#..<.....## ..a@..a##.#.#
#.#.#.###.########
.#####@##.#.#
#.#......รท# .# #.##.#@#
#.#####.#.# .#
#.##.#.###.#####.#.# .#
#.##..a..........#.#
.#####.@................#
........###.#############


You could see Harold and a worker ant.

Vanquished Creatures
  A two-headed ogre (D:7)
  Maurice (D:9)
  A komodo dragon (D:9)
  A troll (D:9)
  A hippogriff (D:9)
  2 ice beasts
  An orc warrior (D:8)
  2 sky beasts
  3 ogres
  3 phantoms
  A centaur (D:7)
  A big kobold (D:8)
  4 bullfrogs
  Blork the orc (D:5)
  A gnoll sergeant (D:5)
  A water moccasin zombie (D:9)
  2 scorpions
  A howler monkey (D:5)
  5 crimson imps
  A quasit (D:9)
  A centaur zombie (D:6)
  3 hounds
  2 jellies
  3 orc priests
  6 orc wizards
  Natasha (thrice) (D:2)
  Terence (D:2)
  An iguana (D:9)
  5 worker ants
  A hound zombie (D:5)
  12 adders
  7 gnolls
  2 shadow imps
  5 oozes
  6 worms
  4 dart slugs
  8 leopard geckos
  25 orcs
  2 giant cockroaches
  7 goblins
  5 hobgoblins
  7 jackals
  14 kobolds
  3 quokkas
  2 ball pythons
  5 bats
  7 frilled lizards
  10 rats
191 creatures vanquished.

Notes
Turn   | Place    | Note
-------+----------+-------------------------------------------
     0 | D:1      | HAL9000 the Vine Stalker Assassin began the quest for the
                  | Orb.
     0 | D:1      | Reached XP level 1. HP: 11/11 MP: 2/2
    79 | D:1      | Reached skill level 2 in Short Blades
   148 | D:1      | Reached XP level 2. HP: 12/15 MP: 3/3
   265 | D:1      | Reached skill level 3 in Short Blades
   286 | D:1      | Reached XP level 3. HP: 18/18 MP: 2/4
   864 | D:2      | Noticed Terence
   866 | D:2      | Killed Terence
   866 | D:2      | Gained mutation: Your natural rate of healing is unusually
                  | fast. [Vine Stalker growth]
   866 | D:2      | Reached XP level 4. HP: 23/23 MP: 5/5
   886 | D:2      | Reached skill level 4 in Short Blades
  1135 | D:2      | Noticed Natasha
  1141 | D:2      | Killed Natasha
  1141 | D:2      | Reached XP level 5. HP: 16/26 MP: 6/6
  1306 | D:2      | Noticed Natasha
  1332 | D:2      | Killed Natasha
  1332 | D:2      | Reached skill level 5 in Short Blades
  1810 | D:2      | Noticed Natasha
  1820 | D:2      | Killed Natasha
  1820 | D:2      | Reached XP level 6. HP: 21/30 MP: 4/7
  1982 | D:3      | Found a hazy altar of Hepliaklqana.
  2395 | D:3      | Found a deep blue altar of Sif Muna.
  2640 | D:3      | Reached skill level 6 in Short Blades
  3002 | D:4      | Reached XP level 7. HP: 34/34 MP: 8/8
  3190 | D:4      | HP: 1/34 [ogre/+0 giant club (17)]
  3196 | D:4      | Reached skill level 7 in Short Blades
  3498 | D:5      | Entered Level 5 of the Dungeon
  3917 | D:5      | Reached skill level 8 in Short Blades
  4002 | D:5      | Got a brightly glowing dagger
  4091 | D:5      | Identified the +3 dagger "Zuje" {vamp, *Drain rC+ rN++
                  | Stlth+} (You found it on level 5 of the Dungeon)
  4413 | D:5      | Gained mutation: You have razor-sharp teeth. [Vine Stalker
                  | growth]
  4413 | D:5      | Reached XP level 8. HP: 38/38 MP: 9/9
  4462 | D:5      | Noticed Blork the orc
  4484 | D:5      | Killed Blork the orc
  4619 | D:5      | Found a stormy altar of Qazlal.
  4620 | D:5      | Found a glowing golden altar of the Shining One.
  4620 | D:5      | Found a glowing silver altar of Zin.
  4621 | D:5      | Found a radiant altar of Vehumet.
  4807 | D:6      | Found a bloodstained altar of Trog.
  4957 | D:5      | Reached skill level 9 in Short Blades
  5133 | D:6      | Found a staircase to the Ecumenical Temple.
  5157 | Temple   | Entered the Ecumenical Temple
  5380 | Temple   | Became a worshipper of Dithmenos the Shadowed
  5573 | D:7      | Found a transporter.
  5641 | D:7      | Reached skill level 10 in Short Blades
  5757 | D:7      | Reached skill level 1 in Shields
  5757 | D:7      | Reached XP level 9. HP: 42/42 MP: 10/10
  6005 | D:7      | Found a transporter.
  6016 | D:7      | Noticed Jannitor's ghost (novice VSFi)
  6550 | D:7      | Found a shimmering altar of Xom.
  6551 | D:7      | Found a burning altar of Makhleb.
  6722 | D:8      | Noticed a two-headed ogre
  6829 | D:7      | Killed a two-headed ogre
  6829 | D:7      | Reached skill level 5 in Shields
  6953 | D:8      | Reached skill level 5 in Stealth
  6982 | D:8      | Reached skill level 1 in Spellcasting
  8129 | D:9      | Noticed a troll
  8132 | D:9      | Killed a troll
  8141 | D:9      | Reached XP level 10. HP: 46/46 MP: 16/16
  8316 | D:9      | Reached skill level 5 in Spellcasting
  8332 | D:9      | Found an iron altar of Okawaru.
  8364 | D:9      | Reached * piety under Dithmenos
  8519 | D:9      | Learned a level 2 spell: Shroud of Golubria
  8523 | D:9      | Learned a level 3 spell: Regeneration
  8634 | D:9      | Reached skill level 1 in Charms
  8639 | D:9      | Found a snail-covered altar of Cheibriados.
  8663 | D:9      | Noticed Maurice
  8666 | D:9      | Killed Maurice
  8707 | D:9      | Noticed Harold
  8764 | D:9      | Killed from afar by Harold

Levels and vault maps discovered:
D:1:      erik_arrival_blinker_ship, layout_basic, minmay_cupped
D:2:      layout_basic, serial_bayou, serial_bayou_crossing,
          serial_bayou_pond_b, serial_bayou_lagoon_a, serial_bayou_ford_a,
          serial_bayou_pond_b, first_ration, uniq_terence, uniq_natasha
D:3:      layout_loops_corners, old_standard_altar, lemuel_doored_altar,
          st_stairs_7
D:4:      layout_basic
D:5:      layout_basic, chequers_temple_overflow_statue_of_worship,
          uniq_blork_the_orc
D:6:      layout_loops_ring, old_standard_altar, minmay_temple_entry_sparse_star
D:7:      layout_layer_cave, grunt_temple_overflow_champion_of_chaos,
          gammafunk_ghost_stat_death
D:8:      layout_basic, blue_anna_alchemist [blue_anna_fruit_fields,
          blue_anna_fruit_fields], chequers_serial_rivers_micro_a
D:9:      layout_loops_ring, cheibriados_altar_1, okawaru_trees_1,
          grunt_ministairs_12, grunt_dithmenos_shadows, uniq_pikel,
          uniq_maurice, uniq_harold
Temple:   minmay_temple_curvy_loop

Skill      XL: |  1  2  3  4  5  6  7  8  9 10 |
---------------+-------------------------------+-----
Short Blades   | 2 3 4 5 6 8 10 | 10.1
Shields        | 1 5 |  5.7
Stealth        | 6 7 |  7.7
Spellcasting   | 3 5 |  5.9
Charms         | 2 |  2.1
Fighting       | |  1.7
Throwing       | |  1.7
Dodging        | |  0.7

Action                   |  1- 3 |  4- 6 |  7- 9 | 10-12 || total
-------------------------+-------+-------+-------+-------++-------
Melee: Dagger            |    73 |   300 |   420 |   137 ||   930
       Bite              |    12 |    82 |   128 |    59 ||   281
Throw: Dart              |       |    26 |     8 |       ||    34
       Boomerang         |       |       |     6 |       ||     6
  Use: Scroll            |       |     1 |     8 |       ||     9
 Stab: Sleeping          |    11 |    11 |    17 |     1 ||    40
  Eat: Chunk             |       |     6 |    11 |     2 ||    19
       Ration            |       |       |     3 |       ||     3
Armor: Robe              |    14 |    22 |       |       ||    36
       Leather armour    |       |    20 |    38 |    17 ||    75
Dodge: Dodged            |    40 |   127 |   100 |    49 ||   316
Block: Buckler           |       |       |    20 |    28 ||    48

Table legend:
 A = Non-vault XP
 B = Vault XP
 C = Vault XP percentage of total XP
 D = Non-vault monster count
 E = Vault monster count
 F = Vault count percentage of total count
                 A         B        C        D         E       F
            +---------+---------+-------+---------+---------+-------
      Total |    5411 |    1119 |  17.1 |     170 |      21 |  11.0
            +---------+---------+-------+---------+---------+-------
        D:1 |      45 |      15 |  25.0 |      24 |       3 |  11.1
        D:2 |     161 |     110 |  40.6 |      30 |      11 |  26.8
        D:3 |     123 |       8 |   6.1 |      26 |       2 |   7.1
        D:4 |     366 |       0 |   0.0 |      17 |       0 |   0.0
        D:5 |     618 |      91 |  12.8 |      12 |       1 |   7.7
        D:6 |     355 |       0 |   0.0 |      12 |       0 |   0.0
        D:7 |    1684 |      50 |   2.9 |      18 |       1 |   5.3
        D:8 |     609 |     100 |  14.1 |      13 |       1 |   7.1
        D:9 |    1450 |     745 |  33.9 |      18 |       2 |  10.0
            +---------+---------+-------+---------+---------+-------
